 Dungeon Crawl Stone Soup version 0.21-b1-23-g1fb0a74 (webtiles) character file.

203336 Faca the Minotaur Blade (level 17, 0/163 HPs)
             Began as a Minotaur Fighter on Jan 6, 2018.
             Was the Champion of Okawaru.
             Slain by a spark wasp (14 damage)
             ... on level 4 of the Spider Nest.
             The game lasted 01:58:07 (30949 turns).

Faca the Minotaur Blade (Minotaur Fighter)         Turns: 30949, Time: 01:58:07

Health: 0/163      AC: 36    Str: 30    XL:     17   Next: 97%
Magic:  16/16      EV:  8    Int:  5    God:    Okawaru [******]
Gold:   864        SH: 22    Dex: 24    Spells: 16/16 levels left

rFire    . . .     SeeInvis +   Q - +9 demon blade (flame)
rCold    x . .     Gourm    .   c - +1 shield
rNeg     . . .     Faith    .   S - +4 plate armour "Leygerph" {Dex+4 SInv}
rPois    +         Spirit   .   N - +0 hat of the Spheres {Str+3}
rElec    .         Reflect  +   P - +2 cloak {MR+}
rCorr    .         Harm     .   K - +2 pair of gloves {Str+3}
MR       +++..                  y - +2 pair of boots {Fly}
Stlth    ..........             m - amulet of Yptirane {Reflect rPois rC- Dex+4 SH+4 SInv}
HPRegen  0.37/turn              b - +3 ring of protection
MPRegen  0.15/turn              W - ring "Wuuhy" {MR+ Str+2}

@: flying
A: retaliatory headbutt, horns 2
}: 1/15 runes: decaying
a: Heroism, Finesse, Renounce Religion, Stop Flying


You were on level 4 of the Spider Nest.
You worshipped Okawaru.
Okawaru was exalted by your worship.
You were not hungry.

You visited 6 branches of the dungeon, and saw 32 of its levels.
You also visited: Labyrinth, Sewer, Ossuary and Volcano.

You collected 2952 gold pieces.
You spent 2088 gold pieces at shops.

Inventory:

Hand Weapons
 L - a +3 double sword of holy wrath
 Q - a +9 demon blade of flaming (weapon)
 T - the +9 scimitar of Myutov {antimagic, Str+3 Int+5}
   (Okawaru gifted it to you on level 2 of the Orcish Mines)

   It reduces the magical energy of the wielder, and disrupts the spells and
   magical abilities of those hit.
   Natural abilities and divine invocations are not affected.
   It affects your strength (+3).
   It affects your intelligence (+5).
Armour
 c - a +1 shield (worn)
 s - the +2 pair of boots of Entitlement {MR++ Int-4 Slay+6}
   (You bought it in a shop on level 14 of the Dungeon)

   It affects your intelligence (-4).
   It affects your accuracy and damage with ranged weapons and melee attacks
   (+6).
   It affects your resistance to hostile enchantments.
 y - a +2 pair of boots of flying (worn)
 D - a +2 large shield of fire resistance
 K - a +2 pair of gloves of strength (worn)
 M - a +2 hat of see invisible
 N - the +0 hat of the Spheres (worn) {Str+3}
   (Okawaru gifted it to you on level 4 of the Lair of Beasts)

   It affects your strength (+3).
 P - a +2 cloak of magic resistance (worn)
 S - the +4 plate armour "Leygerph" (worn) {Dex+4 SInv}
   (You bought it in a shop on level 4 of the Dungeon)

   It affects your dexterity (+4).
   It lets you see invisible.
 X - a scarf of repulsion
Jewellery
 b - a +3 ring of protection (left hand)
 h - an uncursed amulet of regeneration
 m - the amulet of Yptirane (around neck) {Reflect rPois rC- Dex+4 SH+4 SInv}
   (You bought it in a shop on level 4 of the Dungeon)

   [amulet of reflection]

   It shields you and reflects attacks.
   It affects your dexterity (+4).
   It makes you vulnerable to cold.
   It protects you from poison.
   It lets you see invisible.
   It affects your SH (+4).
 W - the ring "Wuuhy" (right hand) {MR+ Str+2}
   (You found it in a labyrinth)

   [ring of strength]

   It affects your strength (+2).
   It affects your resistance to hostile enchantments.
Wands
 j - a wand of enslavement (15)
 t - a wand of acid (11)
 u - a wand of iceblast (16)
 H - a wand of digging (24)
 U - a wand of disintegration (34)
 V - a wand of clouds (8)
Scrolls
 g - 13 scrolls of remove curse
 k - 4 scrolls of blinking
 o - 11 scrolls of enchant armour
 q - a scroll of identify
 v - 11 scrolls of fog
 w - 23 scrolls of teleportation
 B - 5 scrolls of magic mapping
 C - 2 scrolls of summoning
 E - a scroll of amnesia
 F - 3 scrolls of fear
 J - 2 scrolls of brand weapon
 R - a scroll of silence
Potions
 a - a potion of mutation
 d - 8 potions of might
 e - 3 potions of ambrosia
 i - 5 potions of berserk rage
 l - 4 potions of cancellation
 n - 9 potions of heal wounds
 p - 2 potions of invisibility
 r - 6 potions of haste
 x - a potion of agility
 z - 3 potions of flight
 A - 13 potions of curing
 G - 4 potions of lignification
 I - 5 potions of brilliance
 O - 2 potions of resistance
Comestibles
 f - 41 rations


   Skills:
 + Level 17.9 Fighting
 + Level 21.5 Long Blades
 + Level 17.8 Armour
 + Level 17.9 Shields


You had 16 spell levels left.
You didn't know any spells.

Dungeon Overview and Level Annotations

Branches:
Dungeon (15/15)            Temple (1/1) D:4            Lair (6/6) D:8
  Swamp (4/4) Lair:3       Spider (4/4) Lair:2        Slime (0/5) Lair:5
    Orc (2/2) D:9             Elf (0/3) Orc:2        Vaults (0/5) D:13
 Depths (0/5) D:15

Altars:
Ashenzari
Dithmenos
Elyvilon
Fedhas
Gozag
Kikubaaqudgha
Makhleb
Okawaru
Qazlal
Ru
Sif Muna
Trog
Uskayaw
Vehumet
Wu Jian
Xom
Yredelemnul
Zin
The Shining One
Jiyva
Lugonu

Shops:
D:4 :***   D:5 [   D:8 *   D:11 *   D:14 [   Orc:2 %%%([}(?*

Portals:
Trove: D:15 (give horn of Geryon)

Annotations:
Lair:2 exclusion: 3 oklob plants
Swamp:1 2 transporters


Innate Abilities, Weirdness & Mutations

You reflexively headbutt those who attack you in melee.
You have a pair of horns on your head.


Message History

The spark wasp stings you! The spark wasp shocks you!
You block the spark wasp's attack.
You slice the spark wasp!! You burn the spark wasp.
You headbutt the spark wasp!
The spark wasp is heavily wounded.
The spark wasp stings you! The spark wasp shocks you!
You slice the spark wasp!! You burn the spark wasp.
The spark wasp is severely wounded.
The spark wasp stings you. The spark wasp shocks you!
The spark wasp stings you but does no damage.
You hit the spark wasp. You burn the spark wasp.
The spark wasp is almost dead.
The spark wasp stings you.
* * * LOW HITPOINT WARNING * * *
The spark wasp shocks you!
* * * LOW HITPOINT WARNING * * *
The spark wasp stings you!
* * * LOW HITPOINT WARNING * * *
The spark wasp shocks you!
You die...

##.......................##
###......................##
##^.............^........
###.....................
##......^..^.........#
##..................#
##.......†.........# §##
##..............### ...##
#@............### .....
#yy...........^.## #.....
#s...............#
......#######........=...^..##
..[...'...s^....†.......##.##
......'................^..##
......'..†..†.............#
......#######.††.........^##
#..... #..............##


You could see an emperor scorpion and 2 spark wasps.

Vanquished Creatures
  Arachne (Spider:3)
  A thorn hunter (Swamp:4)
  Kirke (Spider:3)
  A tengu reaver (D:14)
  A fire giant (D:14)
  5 emperor scorpions
  3 ghost moths
  Louise (D:15)
  A deep elf annihilator (D:14)
  A red draconian (Volcano)
  2 spark wasps (Spider:4)
  An ettin (D:14)
  3 fire dragons
  Snorg (Lair:6)
  A yaktaur captain (D:15)
  A minotaur (Lab)
  4 vault guards
  23 hydras
  2 great orbs of eyes (D:14)
  A merfolk avatar (Lair:6)
  4 centaur warriors
  2 ghost crabs
  10 alligators
  A catoblepas (Lair:2)
  A tengu warrior (D:13)
  6 two-headed ogres
  Urug (D:13)
  6 orc high priests
  Nergalle (D:12)
  An unseen horror (D:15)
  10 swamp dragons
  8 orc knights
  2 spriggan druids
  3 shambling mangroves
  Pikel (D:5)
  A deep elf mage (D:15)
  4 cyclopes
  14 orb spiders
  2 orc sorcerers (Orc:1)
  36 wolf spiders
  2 moths of wrath
  An ugly thing (D:12)
  The ghost of Nicocat the Chiller, a novice MfIE of Vehumet (D:6)
  3 black mambas
  3 manticores
  10 elephants
  Joseph (D:9)
  Maurice (D:9)
  2 gargoyles
  21 spiny frogs
  A torpor snail (Spider:2)
  5 rime drakes
  A freezing wraith (D:15)
  10 komodo dragons
  2 yaktaurs (Volcano)
  A yaktaur (shapeshifter) (D:12)
  An efreet (D:14)
  16 demonic crawlers
  A minotaur zombie (Lab)
  5 polar bears (Lair:6)
  A tengu conjurer (D:14)
  A wind drake (Lair:6)
  20 jumping spiders
  3 trolls
  A queen bee (Lair:5)
  19 hornets
  5 tyrant leeches
  3 meliai (Lair:5)
  A wind drake (shapeshifter) (D:12)
  20 slime creatures
  20 blink frogs
  3 bog bodies (Swamp:1)
  13 hippogriffs
  2 centaur simulacra
  59 redbacks
  6 shadows
  9 spriggans
  26 tarantellas
  A wraith (D:12)
  Eustachio (D:5)
  3 basilisks
  56 yaks
  5 hogs
  8 vampire mosquitoes
  A steam dragon (D:8)
  6 wyverns
  5 hungry ghosts
  6 insubstantial wisps (Swamp:4)
  5 wargs
  23 swamp worms
  A soldier ant (D:14)
  17 water moccasins
  12 porcupines
  52 orc warriors
  10 swamp drakes
  A slave (D:5)
  2 black bears
  2 sky beasts
  4 ice beasts
  9 ogres
  2 phantoms (D:10)
  A necrophage (D:9)
  7 wolves
  An eye of draining (D:10)
  15 centaurs
  12 crocodiles
  5 elf zombies
  5 big kobolds
  Blork the orc (D:6)
  16 bullfrogs
  2 elf skeletons (D:4)
  A wyvern zombie (D:8)
  3 gnoll sergeants
  5 scorpions
  A water moccasin skeleton (D:8)
  29 killer bees
  11 wights
  3 electric eels
  8 howler monkeys
  6 crimson imps
  6 centaur zombies
  Crazy Yiuf (D:6)
  8 human zombies
  32 orc priests
  4 hounds
  2 jellies
  2 bullfrog skeletons
  5 centaur skeletons
  5 iguanas
  8 worker ants
  23 orc wizards
  A killer bee zombie (D:8)
  A hound skeleton (D:8)
  3 mummies (Ossuary)
  A worker ant zombie (D:11)
  16 gnolls
  11 adders
  3 river rats (Sewer)
  3 shadow imps
  6 oozes
  An adder zombie (D:7)
  3 worms
  2 dart slugs
  5 leopard geckos
  114 orcs
  13 ball pythons
  5 bats (D:2)
  13 giant cockroaches
  7 goblins
  5 hobgoblins
  4 jackals (D:7)
  2 quokkas
  6 frilled lizards
  20 kobolds
  A leopard gecko skeleton (D:5)
  An orc skeleton (D:4)
  An orc zombie (D:4)
  A quokka zombie (D:6)
  46 rats
  A briar patch (Swamp:4)
  2 plants
1227 creatures vanquished.

Vanquished Creatures (others)
  A blink frog (Swamp:4)
  2 redbacks (Spider:4)
  A tarantella (Spider:3)
  An ogre (D:6)
  A sky beast (D:13)
  An orc wizard (D:8)
  A shadow imp (D:6)
  11 fungi
  20 plants
39 creatures vanquished.

Grand Total: 1266 creatures vanquished

Notes
Turn   | Place    | Note
-------+----------+-------------------------------------------
     0 | D:1      | Faca the Minotaur Fighter began the quest for the Orb.
     0 | D:1      | Reached XP level 1. HP: 19/19 MP: 0/0
   170 | D:1      | Reached XP level 2. HP: 23/27 MP: 1/1
   651 | D:2      | Reached XP level 3. HP: 29/33 MP: 2/2
   707 | D:2      | Reached skill level 3 in Long Blades
   915 | D:2      | Reached XP level 4. HP: 24/40 MP: 3/3
  1089 | D:2      | Reached skill level 4 in Long Blades
  1114 | D:3      | Reached XP level 5. HP: 47/47 MP: 4/4
  1130 | D:3      | Found a basalt altar of Yredelemnul.
  1195 | D:3      | Found a glowing drain.
  1205 | Sewer    | Entered a sewer
  1613 | Sewer    | Reached skill level 5 in Fighting
  1613 | Sewer    | Reached skill level 5 in Long Blades
  1613 | Sewer    | Reached skill level 5 in Armour
  1613 | Sewer    | Reached skill level 5 in Shields
  1613 | Sewer    | Reached XP level 6. HP: 35/56 MP: 5/5
  1909 | D:3      | Found a hide-covered altar of Uskayaw.
  2317 | D:4      | Reached skill level 6 in Long Blades
  2317 | D:4      | Reached XP level 7. HP: 61/61 MP: 6/6
  2337 | D:4      | Found a staircase to the Ecumenical Temple.
  2344 | Temple   | Entered the Ecumenical Temple
  2438 | Temple   | Became a worshipper of Warmaster Okawaru
  2571 | D:4      | Found a sand-covered staircase.
  2576 | Ossuary  | Entered an ossuary
  2636 | Ossuary  | Reached * piety under Okawaru
  2636 | Ossuary  | Reached skill level 7 in Long Blades
  2724 | Ossuary  | Reached XP level 8. HP: 61/70 MP: 7/7
  2837 | D:4      | Reached skill level 8 in Long Blades
  2868 | D:4      | Reached ** piety under Okawaru
  3031 | D:4      | Found a burning altar of Makhleb.
  3078 | D:4      | Found Norezuprupn's Book Emporium.
  3080 | D:4      | Found Quseec's General Store.
  3087 | D:4      | Found Woozxin's General Store.
  3088 | D:4      | Found Ziukluh's General Store.
  3271 | D:5      | Entered Level 5 of the Dungeon
  3363 | D:5      | Noticed Eustachio
  3369 | D:5      | Killed Eustachio
  3395 | D:5      | Found an opulent altar of Gozag.
  3645 | D:5      | Reached skill level 9 in Long Blades
  4040 | D:5      | Found Ypreny's Armour Boutique.
  4072 | D:6      | Reached XP level 9. HP: 79/79 MP: 8/8
  4115 | D:6      | Found a bloodstained altar of Trog.
  4149 | D:6      | Noticed Blork the orc
  4154 | D:6      | Killed Blork the orc
  4182 | D:6      | Noticed Nicocat's ghost (novice MfIE)
  4416 | D:6      | Noticed Pikel
  4453 | D:5      | Killed Pikel
  4453 | D:5      | Reached *** piety under Okawaru
  4453 | D:5      | Reached skill level 10 in Long Blades
  4519 | D:6      | Killed Nicocat's ghost
  4519 | D:6      | Reached **** piety under Okawaru
  4595 | D:6      | Found a stormy altar of Qazlal.
  4691 | D:6      | Found a runed door.
  4695 | D:6      | Noticed Crazy Yiuf
  4698 | D:6      | Killed Crazy Yiuf
  5209 | D:7      | Found a basalt altar of Yredelemnul.
  5296 | D:7      | Noticed a seven-headed hydra
  5314 | D:7      | Killed a seven-headed hydra
  5314 | D:7      | Reached skill level 11 in Long Blades
  5314 | D:7      | Reached XP level 10. HP: 22/90 MP: 6/9
  5880 | D:7      | Found a white marble altar of Elyvilon.
  6197 | D:8      | Reached ***** piety under Okawaru
  6348 | D:8      | Noticed a two-headed ogre
  6365 | D:8      | Found an ornate altar of the Wu Jian Council.
  6531 | D:8      | Found a blossoming altar of Fedhas.
  6787 | D:8      | Received a gift from Okawaru
  6807 | D:8      | Reached skill level 12 in Long Blades
  7143 | D:8      | Found a staircase to the Lair.
  7357 | D:8      | Found Feyleqio's General Store.
  7589 | D:9      | Noticed Joseph
  7604 | D:9      | Killed Joseph
  7604 | D:9      | Received a gift from Okawaru
  7636 | D:9      | Noticed Maurice
  7652 | D:9      | Reached XP level 11. HP: 99/99 MP: 10/10
  7668 | D:9      | Killed Maurice
  7737 | D:9      | Reached skill level 10 in Fighting
  7742 | D:9      | Reached skill level 10 in Armour
  7749 | D:9      | Reached skill level 10 in Shields
  7875 | D:9      | Found a staircase to the Orcish Mines.
  7925 | D:9      | Reached skill level 13 in Long Blades
  7999 | D:9      | Noticed a two-headed ogre
  8011 | D:9      | Killed a two-headed ogre
  8436 | D:10     | Entered Level 10 of the Dungeon
  9525 | Lair:1   | Entered Level 1 of the Lair of Beasts
  9573 | Lair:1   | Noticed a five-headed hydra
  9604 | Lair:1   | Killed a five-headed hydra
  9613 | Lair:1   | Reached skill level 14 in Long Blades
  9923 | Lair:1   | Reached XP level 12. HP: 110/110 MP: 11/11
  9937 | Lair:1   | Reached ****** piety under Okawaru
 10646 | Lair:2   | Found a hole to the Spider Nest.
 10649 | Lair:2   | Received a gift from Okawaru
 10674 | Lair:2   | Reached skill level 15 in Long Blades
 10969 | Lair:2   | Noticed a catoblepas
 11017 | Lair:2   | Killed a catoblepas
 12062 | Lair:3   | Found a staircase to the Swamp.
 12318 | Lair:4   | Noticed an eight-headed hydra
 12337 | Lair:4   | Killed an eight-headed hydra
 12350 | Lair:4   | Reached XP level 13. HP: 69/118 MP: 12/12
 12514 | Lair:4   | Reached skill level 16 in Long Blades
 12589 | Lair:4   | Received a gift from Okawaru
 12590 | Lair:4   | Got an ichor-stained hat {god gift}
 12610 | Lair:4   | Identified the +0 hat of the Spheres {Str+3} (Okawaru gifted it to you on level 4 of the Lair of Beasts)
 13510 | Lair:5   | Found a dark tunnel.
 13515 | Volcano  | Entered a volcano
 13579 | Volcano  | Noticed a red draconian
 13604 | Volcano  | Killed a red draconian
 14045 | Lair:5   | Found a viscous altar of Jiyva.
 14046 | Lair:5   | Found a staircase to the Slime Pits.
 14334 | Lair:6   | Entered Level 6 of the Lair of Beasts
 14608 | Lair:5   | Received a gift from Okawaru
 14708 | Lair:6   | Reached skill level 17 in Long Blades
 15267 | Lair:6   | Reached XP level 14. HP: 126/129 MP: 13/13
 15442 | Lair:6   | Got a smoking trident
 15528 | Lair:6   | Noticed Snorg
 15534 | Lair:6   | Killed Snorg
 15966 | Orc:1    | Entered Level 1 of the Orcish Mines
 16368 | Orc:1    | Reached skill level 18 in Long Blades
 16612 | Orc:1    | Received a gift from Okawaru
 16799 | Orc:2    | Entered Level 2 of the Orcish Mines
 17026 | Orc:2    | Found a staircase to the Elven Halls.
 17227 | Orc:2    | Found Opuese Neqi's Assorted Antiques.
 17243 | Orc:2    | Bought a metallic pink potion for 22 gold pieces
 17368 | Orc:2    | Found Bexaxtag's Antique Weapon Shoppe.
 17390 | Orc:2    | Found Beschull's Gadget Emporium.
 17398 | Orc:2    | Found Zuaf's Food Boutique.
 17438 | Orc:2    | Found Kojeoff's Magic Scroll Emporium.
 17446 | Orc:2    | Bought a scroll of enchant armour for 90 gold pieces
 17446 | Orc:2    | Bought a scroll of summoning for 114 gold pieces
 17916 | Orc:2    | Received a gift from Okawaru
 17920 | Orc:2    | Got an encrusted scimitar {god gift}
 18049 | Orc:2    | Found Pameivoi's Armour Emporium.
 18049 | Orc:2    | Found Tirof's Antique Weapon Emporium.
 18050 | Orc:2    | Found Wuppusecs's Food Shoppe.
 18050 | Orc:2    | Found Isazom's Food Emporium.
 18453 | D:11     | Found Eplarheb's Assorted Antiques.
 18656 | D:4      | Bought a scroll of enchant weapon for 82 gold pieces
 18656 | D:4      | Bought the amulet of Yptirane {Reflect rPois rC- Dex+4 SH+4 SInv} for 481 gold pieces
 18656 | D:4      | Bought a scroll of enchant weapon for 82 gold pieces
 18661 | D:4      | Bought the +4 plate armour "Leygerph" {Dex+4 SInv} for 751 gold pieces
 19353 | D:11     | Identified the +9 scimitar of Myutov {antimagic, Str+3 Int+5} (Okawaru gifted it to you on level 2 of the Orcish Mines)
 19354 | D:11     | Identified the +1 trident of Fate {holy, MR- Str+3 Int+4} (You found it on level 6 of the Lair of Beasts)
 19436 | D:12     | Found a labyrinth entrance.
 19440 | Lab      | Entered a labyrinth
 19652 | Lab      | Got a transparent lead ring
 19676 | D:12     | Identified the ring "Wuuhy" {MR+ Str+2} (You found it in a labyrinth)
 19688 | D:12     | Found a runed door.
 19722 | D:12     | Noticed Nergalle
 19730 | D:12     | Killed Nergalle
 19863 | D:12     | Received a gift from Okawaru
 19863 | D:12     | Reached XP level 15. HP: 139/139 MP: 14/14
 19993 | D:12     | Reached skill level 19 in Long Blades
 20350 | D:12     | Got a slimy chain mail
 20361 | D:12     | Got an encrusted dagger
 20362 | D:12     | Identified the +10 dagger of Experimentation {pierce, Dex+2 Stlth+} (You found it on level 12 of the Dungeon)
 20374 | D:12     | Identified the cursed +1 chain mail "Poubb" {rElec} (You found it on level 12 of the Dungeon)
 20442 | D:13     | Found a gate to the Vaults.
 20443 | D:13     | Noticed Urug
 20590 | D:13     | Killed Urug
 20786 | D:13     | Got a dazzling long sword
 20787 | D:13     | Identified the +7 long sword of Hospitality {slice, Str+7 Dex+4} (You found it on level 13 of the Dungeon)
 20796 | D:13     | Received a gift from Okawaru
 20797 | D:13     | Got a translucent triple sword {god gift}
 20803 | D:13     | Identified the +2 triple sword "Naodix" {venom, *Rage *Drain Dex+8 Stlth+} (Okawaru gifted it to you on level 13 of the Dungeon)
 20943 | D:13     | Found a blossoming altar of Fedhas.
 21425 | D:14     | Noticed a tengu reaver
 21436 | D:14     | Killed a tengu reaver
 21477 | D:14     | Found Kicod's Antique Armour Shoppe.
 21511 | D:14     | Reached skill level 15 in Fighting
 21511 | D:14     | Reached skill level 15 in Shields
 21714 | D:14     | Identified the Disquisition on Boosts and Earth
 21737 | D:14     | Reached skill level 15 in Armour
 22029 | D:14     | Found a corrupted altar of Lugonu.
 22196 | D:14     | Received a gift from Okawaru
 22412 | D:15     | Entered Level 15 of the Dungeon
 22434 | D:15     | Noticed Louise
 22447 | D:15     | Killed Louise
 23310 | D:15     | Found a portal to a secret trove of treasure.
 23395 | D:15     | Found a staircase to the Depths.
 23652 | D:14     | Bought a pair of crude boots for 294 gold pieces
 23662 | D:14     | Identified the +2 pair of boots of Entitlement {MR++ Int-4 Slay+6} (You bought it in a shop on level 14 of the Dungeon)
 23700 | D:14     | Noticed a fire giant
 23709 | D:14     | Killed a fire giant
 23874 | D:8      | Bought a +0 pair of boots of flying for 172 gold pieces
 24060 | Swamp:1  | Entered Level 1 of the Swamp
 24227 | Swamp:1  | Reached XP level 16. HP: 149/149 MP: 15/15
 24305 | Swamp:1  | Found a transporter.
 24483 | Swamp:1  | Found a transporter.
 24488 | Swamp:1  | Found the amulet of the Four Winds {rN+ MR+++ Clar}
 24702 | Swamp:2  | Reached skill level 20 in Long Blades
 24863 | Swamp:2  | Received a gift from Okawaru
 24867 | Swamp:2  | Got a warped robe {god gift}
 26147 | Swamp:4  | Entered Level 4 of the Swamp
 26572 | Swamp:4  | Noticed a thorn hunter
 26584 | Swamp:4  | Killed a thorn hunter
 26784 | Swamp:4  | Received a gift from Okawaru
 26945 | Swamp:4  | Got a decaying rune of Zot
 27367 | Spider:1 | Entered Level 1 of the Spider Nest
 27530 | Spider:1 | Received a gift from Okawaru
 27548 | Spider:1 | Reached XP level 17. HP: 113/160 MP: 16/16
 28359 | Spider:2 | Got a smoking whip
 28366 | Spider:2 | Identified the +2 whip "Osogga" {holy, rElec rPois Dex+5} (You found it on level 2 of the Spider Nest)
 28653 | Spider:3 | Reached skill level 21 in Long Blades
 29066 | Spider:3 | Noticed Arachne
 29082 | Spider:3 | Killed Arachne
 29124 | Spider:3 | Noticed Kirke
 29134 | Spider:3 | Killed Kirke
 29474 | Spider:4 | Entered Level 4 of the Spider Nest
 29557 | Spider:4 | Received a gift from Okawaru
 30949 | Spider:4 | Slain by a spark wasp

Skill      XL: |  1  2  3  4  5  6  7  8  9 10 11 12 13 14 15 16 17 |
---------------+----------------------------------------------------+-----
Armour         | 4 5 6 7 8 9 11 12 13 14 15 16 17 | 17.8
Shields        | 4 5 6 7 8 9 11 12 13 14 15 16 17 | 17.9
Fighting       | 4 5 6 7 8 9 11 12 13 14 15 16 17 | 17.9
Long Blades    | 3 4 5 6 7 9 11 12 14 15 17 18 19 20 21 | 21.5

Action                   |  1- 3 |  4- 6 |  7- 9 | 10-12 | 13-15 | 16-18 || total
-------------------------+-------+-------+-------+-------+-------+-------++-------
Melee: Long sword        |    94 |   183 |   326 |       |       |       ||   603
       Headbutt          |    14 |    30 |   107 |   262 |   385 |   347 ||  1145
       Scimitar          |       |       |    78 |   977 |   164 |       ||  1219
       Short sword       |       |       |    13 |    26 |    17 |       ||    56
       Demon blade       |       |       |       |       |  1188 |   906 ||  2094
Invok: Heroism           |       |       |     2 |     1 |     1 |       ||     4
Evoke: Wand              |       |       |       |     2 |       |       ||     2
  Use: Scroll            |     6 |     7 |     6 |    11 |    24 |     8 ||    62
       Potion            |       |     1 |       |       |       |       ||     1
  Eat: Ration            |       |     2 |     3 |     5 |    10 |     6 ||    26
       Chunk             |       |       |     1 |     5 |     7 |       ||    13
Armor: Scale mail        |    59 |    96 |    95 |       |       |       ||   250
       Plate armour      |       |       |    19 |   387 |   222 |   517 ||  1145
       Chain mail        |       |       |       |       |   184 |       ||   184
Dodge: Dodged            |    30 |    65 |    68 |   130 |   203 |   192 ||   688
Block: Shield            |    59 |   126 |   164 |   535 |   775 |   851 ||  2510
       Reflection        |       |       |       |       |       |     2 ||     2
       Rpst.: Long sword |     7 |    18 |    15 |       |       |       ||    40
       Scimitar          |       |       |     4 |    38 |     4 |       ||    46
       Demon blade       |       |       |       |       |    28 |    37 ||    65
